cohdb
Replays
Latest Replays
All Replays
Popular Replays
Top Player Replays
Match Explorer
How It Works
Community
CoH3 Stats
Reddit
Sign in to upload your games and track your stats! →
Sign in with Steam
Match 41589826
Unlisted
Match 41589826
Overview
Messages
Build Orders
End
Construct Infanterie Kompanie
Selects Terror Battlegroup
Selects Machine Gun Camouflage
MG 42 Machine Gun Team
Grenadier Squad
Grenadier Squad
Construct Panzergrenadier Kompanie
Panzergrenadier Squad
Panzergrenadier Squad
Support Elements
Nebelwerfer 42 Rocket Launcher Team
StuG III G Assault Gun
MG 42 Machine Gun Team
StuG III G Assault Gun
Panzergrenadier Officer Quarters
Selects No Quarter
StuG III G Assault Gun
Pioneer Squad
Nebelwerfer 42 Rocket Launcher Team
StuG III G Assault Gun
Selects King Tiger Heavy Tank
Panzergrenadier Squad
Grenadier Squad
Nuclear Viking
dj pauly d gtl
Uwe Berger
Damnax
李云龙
传奇耐耗王
0
0
Comments
sign in to comment!
No comments posted yet!